 Dungeon Crawl Stone Soup version 0.26-a0-812-g31a745ddcd (webtiles) character file.

Game seed: 2632727779406594731

39 kae the Insei (level 3, 0/20 HPs)
             Began as a Tengu Transmuter on Nov 23, 2020.
             Slain by a worm (9 damage)
             ... on level 2 of the Dungeon.
             The game lasted 00:00:54 (1782 turns).

kae the Insei (Tengu Transmuter)                    Turns: 1782, Time: 00:00:54

Health: 0/20       AC:  2    Str: 11    XL:     3   Next: 47%
Magic:  6/7        EV: 13    Int: 13    God:
Gold:   110        SH:  0    Dex: 14    Spells: 2/6 levels left

rFire    . . .     SeeInvis .     - Unarmed
rCold    . . .     Faith    .   (no shield)
rNeg     . . .     Spirit   .   a - +0 robe
rPois    .         Reflect  .   (helmet currently unavailable)
rElec    .         Harm     .   (no cloak)
rCorr    .         Rampage  .   (no gloves)
MR       .....                  (boots unavailable)
Stlth    +.........             (no amulet)
HPRegen  0.06/turn              (no ring)
MPRegen  0.10/turn              (no ring)

@: appendages (expiring)
A: beak, horns 2, talons 3
a: End Transformation


You were on level 2 of the Dungeon.
You had grown temporary horns.
You visited 1 branch of the dungeon, and saw 2 of its levels.

You collected 110 gold pieces.

Inventory:

Armour
 a - a +0 robe (worn)
 d - a +0 plate armour
Jewellery
 f - an uncursed ring of wizardry {unknown}
Scrolls
 c - 3 scrolls of identify {unknown}
 e - a scroll of fear {unknown}
 g - a scroll of magic mapping {unknown}
 h - a scroll of fog {unknown}
Potions
 b - a potion of attraction {unknown}


   Skills:
 + Level 1.3 Fighting
 + Level 2.6 Dodging
 * Level 3.7 Unarmed Combat
 + Level 2.2 Spellcasting
 * Level 2.1 Transmutations
 * Level 0.1 Poison Magic


You had 2 spell levels left.
You knew the following spells:

 Your Spells              Type           Power        Failure   Level
a - Beastly Appendage     Tmut           #.....       11%         1
b - Spider Form           Tmut/Pois      #.........   43%         3

Your spell library contained the following spells:

 Spells                   Type           Power        Failure   Level
 Wereblood                Tmut           #.......     16%         2
 Ice Form                 Ice/Tmut       #.......     85%         4
 Blade Hands              Tmut           #.........   96%         5


Dungeon Overview and Level Annotations

Branches:
Dungeon (2/15)

Altars:
The Shining One


Innate Abilities, Weirdness & Mutations

You have a beak for a mouth.
You have claws for feet.
You have a pair of horns on your head.


Message History

A worm is nearby!
A worm is nearby!
There is an open door here.
Casting: Beastly Appendage (safe; 11% risk of failure)
Confirm with . or Enter, or press ? or * to list all spells.
You grow a pair of large bovine horns.
Your transformation is almost over.
The worm bites you!
Ouch! That really hurt!
You are too injured to fight recklessly!
You are too injured to fight recklessly!
A worm is nearby!
You are too injured to fight recklessly!
You are too injured to fight recklessly!
A worm is nearby!
You barely miss the worm. You hit the worm. You headbutt the worm.
The worm is lightly wounded.
The worm bites you!
You die...

### ##.## #######.#.######
...##.###.....#
###.###.#.<.##.#
#.........####'##
#.#.####..##♣...♣# #.#.#
##.##.....###### ###.#.#
####♣.@.♣##...# ......#
#.w...##.#.# ≈≈≈≈###
###_####...# ≈≈≈≈##
######## ##.## ≈≈≈≈≈#
##...#### #.#### ≈≈≈≈≈##
##.......# #....#
.≈≈≈≈≈###.......## ##.##.#
#≈≈≈≈≈##.........####...#.#
..≈≈≈≈.'.........'........#


You could see a worm.

Vanquished Creatures
  A gnoll (D:1)
  A leopard gecko (D:1)
  4 bats (D:1)
  4 giant cockroaches
  3 goblins (D:1)
  2 hobgoblins (D:1)
  2 ball pythons (D:1)
  2 frilled lizards (D:1)
  5 kobolds
  5 rats
29 creatures vanquished.

Notes
Turn   | Place    | Note
-------+----------+-------------------------------------------
     0 | D:1      | kae the Tengu Transmuter began the quest for the Orb.
     0 | D:1      | Reached XP level 1. HP: 12/12 MP: 4/4
   305 | D:1      | Reached XP level 2. HP: 13/16 MP: 6/6
   865 | D:1      | Reached XP level 3. HP: 5/20 MP: 7/7
  1137 | D:1      | Learned a level 3 spell: Spider Form
  1774 | D:2      | Found a glowing golden altar of the Shining One.
  1782 | D:2      | Slain by a worm

Illustrated notes

Levels and vault maps discovered:
D:1:      minmay_arrival_glassed_features, layout_basic, moated_statue
D:2:      wander_river, layout_loops_corners, tso_altar

Skill      XL: |  1  2 |
---------------+-------+-----
Transmutations | 2 |  2.1
Fighting       | |  1.3
Dodging        | |  2.6
Unarmed Combat | |  3.7
Spellcasting   | |  2.2
Poison Magic   | |  0.1

Action                   || total
-------------------------++-------
Melee: Unarmed           ||    70
       Peck              ||    10
       Kick              ||    13
       Headbutt          ||     5
 Cast: Beastly Appendage ||    16
 Stab: Sleeping          ||     2
Armor: Robe              ||    14
       Plate armour      ||     4
Dodge: Dodged            ||    38

Table legend: (Time is in decaauts)
 A = Elapsed time spent in this place.
 B = Non-inter-level travel time spent in this place.
 C = Inter-level travel time spent in this place.
 D = Time resting spent in this place.
 E = Time spent auto-exploring this place.
 F = Levels seen in this place.
 G = Mean time per level.
                   A        B        C        D        E       F      G
               +--------+--------+--------+--------+--------+-----+--------+
         Total |   1784 |   1770 |     14 |    115 |   1412 |   2 |  892.0 |
       Dungeon |   1784 |   1770 |     14 |    115 |   1412 |   2 |  892.0 |
               +--------+--------+--------+--------+--------+-----+--------+

Top non-repeatable levels by time:
     D:1: 1507 daAuts
     D:2: 276 daAuts
